 Dungeon Crawl Stone Soup version 0.22-a0-848-ge9e22a0 (webtiles) character file.

41640 tilp the Nimble (level 14, 0/111 HPs)
             Began as a Merfolk Ice Elementalist on July 26, 2018.
             Was an Elder of Makhleb.
             Killed by divine providence
             ... invoked by a meliai
              (14 damage)
             ... on level 11 of the Dungeon.
             The game lasted 01:32:34 (25553 turns).

tilp the Nimble (Merfolk Ice Elementalist)         Turns: 25553, Time: 01:32:35

Health: 0/111      AC: 12    Str: 10    XL:     14   Next: 16%
Magic:  26/26      EV: 28    Int: 18    God:    Makhleb [****..]
Gold:   338        SH:  0    Dex: 19    Spells: 19/29 levels left

rFire    + . .     SeeInvis .   a - +3 spear
rCold    + . .     Gourm    .   (no shield)
rNeg     . . .     Faith    .   V - +2 robe {Archmagi}
rPois    .         Spirit   .   K - +1 helmet of Ruzawodda {Regen+ rCorr}
rElec    .         Reflect  .   p - +2 cloak
rCorr    +         Harm     .   W - +1 pair of gloves
MR       +....                  E - +0 pair of boots
Stlth    ++++......             g - amulet of regeneration
HPRegen  1.08/turn              w - ring of protection from fire
MPRegen  0.20/turn              C - ring of protection from cold

@: agile
A: change form in water, swift swim, stealthy swim
a: Minor Destruction, Lesser Servant of Makhleb, Major Destruction, Renounce
Religion


You were on level 11 of the Dungeon.
You worshipped Makhleb.
Makhleb was greatly pleased with you.
You were very hungry.

You visited 3 branches of the dungeon, and saw 18 of its levels.

You collected 882 gold pieces.
You spent 544 gold pieces at shops.

Inventory:

Hand Weapons
 a - a +3 spear (weapon)
 y - a +0 trident
Missiles
 D - 3 tomahawks (quivered)
Armour
 p - a +2 cloak (worn)
 E - a +0 pair of boots (worn)
 F - a +0 hat of magic resistance
 K - the +1 helmet of Ruzawodda (worn) {Regen+ rCorr}
   (You found it on level 9 of the Dungeon)

   It increases your rate of regeneration.
   It provides partial protection from all sources of acid and corrosion.
 O - a +3 troll leather armour {Snorg}
 V - a +2 robe of the Archmagi (worn)
 W - a +1 pair of gloves (worn)
Jewellery
 g - an amulet of regeneration (around neck)
 v - an uncursed ring of see invisible
 w - a ring of protection from fire (left hand)
 A - a +3 ring of dexterity
 C - a ring of protection from cold (right hand)
Wands
 o - a wand of disintegration (12)
 z - a wand of clouds (3)
 L - a wand of acid (15)
 N - a wand of digging (44)
 S - a wand of polymorph (15)
Scrolls
 b - 5 scrolls of identify
 e - 5 scrolls of magic mapping
 i - 16 scrolls of remove curse
 k - 5 scrolls of amnesia
 r - 4 scrolls of blinking
 u - 6 scrolls of teleportation
 B - a scroll of summoning
 J - 2 scrolls of brand weapon
 P - 3 scrolls of enchant weapon
Potions
 d - a potion of mutation
 f - 2 potions of brilliance
 h - a potion of agility
 j - a potion of berserk rage
 l - 2 potions of flight
 m - 2 potions of cancellation
 s - a potion of haste
 t - 4 potions of might
 I - a potion of magic
 Q - a potion of lignification
 Y - a potion of invisibility
Miscellaneous
 x - a phial of floods
 H - a fan of gales
Comestibles
 c - 19 rations
 G - a chunk of flesh


   Skills:
 + Level 10.5 Fighting
 - Level 12.0 Polearms
 + Level 12.6 Dodging
 - Level 4.5 Stealth
 - Level 8.0 Spellcasting
 - Level 4.0 Conjurations
 - Level 6.0 Charms
 + Level 12.4 Ice Magic
 - Level 4.0 Invocations
 - Level 8.0 Evocations


You had 19 spell levels left.
You knew the following spells:

 Your Spells              Type           Power        Failure   Level  Hunger
a - Freeze                Ice            ####         1%          1    None
b - Throw Frost           Conj/Ice       ######       1%          2    None
c - Ozocubu's Armour      Chrm/Ice       ######..     1%          3    #......
d - Throw Icicle          Conj/Ice       ######..     3%          4    ###....

Your spell library contained the following spells:

 Spells                   Type           Power        Failure   Level  Hunger
 Summon Ice Beast         Ice/Summ       #####...     8%          4    ###....
 Corpse Rot               Necr           N/A          14%         2    None
 Stone Arrow              Conj/Erth      ###...       13%         3    #......
 Leda's Liquefaction      Hex/Erth       ##........   67%         4    ###....
 Summon Hydra             Summ           ##........   100%        7    #######
 Summon Forest            Summ/Tloc      ##........   95%         5    #####..
 Hydra Form               Tmut           ##........   100%        6    ######.


Dungeon Overview and Level Annotations

Branches:
Dungeon (11/15)            Temple (1/1) D:5            Lair (6/6) D:10
  Swamp (0/4) Lair:3        Snake (0/4) Lair:2        Slime (0/5) Lair:6
    Orc: D:9-12

Altars:
Ashenzari
Cheibriados
Dithmenos
Elyvilon
Fedhas
Gozag
Hepliaklqana
Kikubaaqudgha
Makhleb
Nemelex Xobeh
Okawaru
Qazlal
Ru
Sif Muna
Trog
Uskayaw
Vehumet
Wu Jian
Xom
Yredelemnul
Zin
The Shining One

Shops:
D:7 ?[?!

Annotations:
D:4 Natasha
D:7 2he
D:8 Erica
D:9 1 runed door
D:11 7h hy, cycl
Lair:2 exclusion: 2 oklob plants
Lair:3 Fannar
Lair:5 2 runed doors, exclusion: oklob plant, azzavlup's ghost, journeyman MiBe


Message History

Okay, then.
As you read the scroll of fear, it crumbles to dust.
You assume a fearsome visage.
The meliai looks frightened!
You feel less wooden.
Your +2 cloak unmelds from your body.
The +1 helmet of Ruzawodda {Regen+ rCorr} unmelds from your body.
Your +1 pair of gloves unmelds from your body.
Your +0 pair of boots unmelds from your body.
Your +2 robe of the Archmagi unmelds from your body.
You feel powerful.
Okay, then.
As you read the scroll of teleportation, it crumbles to dust.
You feel strangely unstable.
Your surroundings suddenly seem different.
As you read the scroll of fear, it crumbles to dust.
You assume a fearsome visage.
Nothing appears to happen.
The meliai seems to regain its courage.
The meliai invokes the aid of its god against you.
Something smites you!
You die...

#.# #.###.# #.#
#.####.###.# #.#
....[......#### #.#
###.>.........# #<# #
#?##.######.###.###
#. #.# #.#.....#
###.##.# #.#.....#
..#.##.# #.......#
#รท#.##.. ###.@...#.
#.#.### #....y#.
#.#.# ###..#..##
#.#.# #.###..#
#.#.###### ##.#...#
..........
###.#..#######
....######
.....y.......####
..###
####..#...........
..#
####.....#(#####.####


You could see a meliai.

Vanquished Creatures
  6 hydras
  A catoblepas (Lair:5)
  3 two-headed ogres
  Pikel (D:4)
  2 manticores
  2 ugly things
  4 black mambas
  12 spiny frogs
  6 komodo dragons
  3 rime drakes (Lair:6)
  2 meliai (D:11)
  2 trolls
  2 hornets
  Prince Ribbit (D:8)
  4 blink frogs (Lair:6)
  18 hippogriffs
  A merfolk (D:9)
  25 yaks
  2 wyverns
  A basilisk (Lair:1)
  A naga (Lair:2)
  A hell hound (Lair:6)
  A swamp worm (Lair:3)
  Duvessa (D:4)
  9 porcupines
  23 water moccasins
  5 orc warriors
  3 ice beasts
  3 phantoms
  A black bear (D:8)
  8 ogres
  3 sky beasts
  22 wolves
  6 centaurs
  7 crocodiles
  2 big kobolds (D:10)
  13 bullfrogs
  A gnoll sergeant (D:8)
  A wyvern zombie (D:9)
  4 scorpions
  Dowan (D:4)
  14 wights
  7 howler monkeys
  2 electric eels (Lair:3)
  3 crimson imps
  3 hounds
  A centaur zombie (D:9)
  6 jellies
  7 orc priests
  Crazy Yiuf (D:6)
  A bullfrog skeleton (D:4)
  A centaur skeleton (D:4)
  5 gnoll shamans (D:10)
  3 iguanas
  Natasha (D:4)
  9 orc wizards
  8 worker ants
  A hound zombie (D:6)
  A worker ant zombie (D:7)
  A howler monkey skeleton (D:7)
  21 adders
  13 gnolls
  4 shadow imps
  An adder zombie (D:8)
  4 oozes (Lair:6)
  3 adder skeletons
  4 dart slugs
  3 worms
  14 leopard geckos
  44 orcs
  6 bats
  4 giant cockroaches
  3 goblins
  8 hobgoblins
  13 jackals
  3 quokkas
  2 ball pythons
  4 frilled lizards
  3 kobolds
  A leopard gecko zombie (D:5)
  A quokka zombie (D:6)
  6 rats
454 creatures vanquished.

Vanquished Creatures (collateral kills)
  Gastronok (Lair:3)
  Snorg (Lair:3)
  2 hydras
  A hell beast (Lair:6)
  A rime drake (Lair:3)
  A tyrant leech (Lair:3)
  5 yaks (Lair:3)
  2 basilisks
  3 water moccasins (Lair:3)
  A swamp drake (Lair:3)
  4 wolves
  A crocodile (Lair:3)
  A bullfrog (Lair:3)
  2 adders (Lair:3)
  2 fungi (Lair:3)
28 creatures vanquished.

Vanquished Creatures (others)
  A hell hound (Lair:6)
  Natasha (D:4)
  A giant cockroach (D:4)
  12 fungi
  22 plants
37 creatures vanquished.

Grand Total: 519 creatures vanquished

Notes
Turn   | Place    | Note
-------+----------+-------------------------------------------
     0 | D:1      | tilp the Merfolk Ice Elementalist began the quest for the Orb.
     0 | D:1      | Reached XP level 1. HP: 13/13 MP: 3/3
   275 | D:1      | Reached XP level 2. HP: 19/19 MP: 1/5
   329 | D:1      | Learned a level 2 spell: Throw Frost
  1174 | D:1      | Reached XP level 3. HP: 24/24 MP: 6/6
  1179 | D:1      | Learned a level 3 spell: Ozocubu's Armour
  1534 | D:2      | Reached skill level 5 in Ice Magic
  1685 | D:2      | Reached XP level 4. HP: 29/30 MP: 5/7
  1749 | D:2      | Found a sparkling altar of Nemelex Xobeh.
  2087 | D:2      | Found a snail-covered altar of Cheibriados.
  2087 | D:2      | Found a hazy altar of Hepliaklqana.
  2087 | D:2      | Found a white marble altar of Elyvilon.
  2111 | D:2      | Found a radiant altar of Vehumet.
  2115 | D:2      | Found a bloodstained altar of Trog.
  2538 | D:3      | Reached skill level 1 in Fighting
  2538 | D:3      | Reached XP level 5. HP: 22/37 MP: 1/8
  3101 | D:4      | Noticed Natasha
  3115 | D:4      | Killed Natasha
  3193 | D:4      | Noticed a slave
  3193 | D:4      | Noticed a slave
  3199 | D:4      | Noticed a slave
  3199 | D:4      | Noticed a slave
  3232 | D:4      | Reached XP level 6. HP: 35/45 MP: 9/9
  3764 | D:4      | Found an ornate altar of the Wu Jian Council.
  3878 | D:4      | Reached skill level 5 in Dodging
  4013 | D:4      | Noticed Duvessa
  4013 | D:4      | Noticed Dowan
  4479 | D:5      | Entered Level 5 of the Dungeon
  4511 | D:5      | Reached XP level 7. HP: 19/53 MP: 2/10
  4806 | D:5      | Found an ancient bone altar of Kikubaaqudgha.
  4812 | D:5      | Reached skill level 1 in Conjurations
  4829 | D:5      | Reached skill level 1 in Charms
  5037 | D:5      | Found a staircase to the Ecumenical Temple.
  5048 | Temple   | Entered the Ecumenical Temple
  5057 | Temple   | Became a worshipper of Makhleb the Destroyer
  5465 | D:6      | Found a sacrificial altar of Ru.
  5577 | D:6      | Reached XP level 8. HP: 60/60 MP: 12/12
  6293 | D:6      | Reached skill level 1 in Invocations
  6335 | D:6      | Found a runed door.
  6753 | D:7      | Found Kaoplaxt's Distillery.
  6767 | D:7      | Bought a potion of degeneration for 10 gold pieces
  6767 | D:7      | Bought a potion of heal wounds for 50 gold pieces
  6775 | D:7      | Noticed a hippogriff
  6794 | D:7      | Killed a hippogriff
  6794 | D:7      | Reached * piety under Makhleb
  6931 | D:7      | Found Jiwuh's Magic Scroll Shoppe.
  6946 | D:7      | Reached XP level 9. HP: 39/65 MP: 10/15
  6952 | D:7      | Learned a level 4 spell: Throw Icicle
  6961 | D:7      | Bought a scroll of identify for 20 gold pieces
  6961 | D:7      | Bought a scroll of teleportation for 30 gold pieces
  6961 | D:7      | Bought a scroll of teleportation for 30 gold pieces
  6961 | D:7      | Bought a scroll of identify for 20 gold pieces
  6961 | D:7      | Bought a scroll of teleportation for 30 gold pieces
  6961 | D:7      | Bought a scroll of identify for 20 gold pieces
  7033 | D:7      | Found a glowing silver altar of Zin.
  7268 | D:7      | Noticed a hornet
  7331 | D:7      | Found Boudgh's Magic Scroll Shoppe.
  7358 | D:7      | Bought a scroll of teleportation for 42 gold pieces
  7358 | D:7      | Bought a scroll of identify for 28 gold pieces
  7358 | D:7      | Bought a scroll of identify for 28 gold pieces
  7358 | D:7      | Bought a scroll of identify for 28 gold pieces
  7358 | D:7      | Bought a scroll of identify for 28 gold pieces
  7532 | D:7      | Reached skill level 5 in Fighting
  7577 | D:7      | Found Ominguts's Armour Shop.
  7602 | D:7      | Noticed a manticore
  7632 | D:7      | HP: 1/68 [manticore (10)]
  7635 | D:7      | Noticed a troll
  7636 | D:7      | Killed a manticore
  8000 | D:7      | Noticed a red ugly thing
  8125 | D:7      | Found Noiciopp's Antique Weapon Boutique.
  8230 | D:8      | Noticed a two-headed ogre
  8419 | D:8      | Noticed Prince Ribbit
  8434 | D:8      | Killed Prince Ribbit
  8653 | D:8      | Reached ** piety under Makhleb
  8653 | D:8      | Reached XP level 10. HP: 56/79 MP: 11/16
  8816 | D:8      | Noticed Erica
  8881 | D:8      | Reached skill level 1 in Polearms
  9575 | D:8      | Killed a two-headed ogre
  9575 | D:8      | Reached skill level 5 in Polearms
 10083 | D:9      | Got an encrusted helmet
 10112 | D:9      | Reached skill level 10 in Ice Magic
 10270 | D:9      | Identified the +1 helmet of Ruzawodda {Regen+ rCorr} (You found it on level 9 of the Dungeon)
 10473 | D:9      | Found a glowing silver altar of Zin.
 10473 | D:9      | Noticed an angel
 10474 | D:9      | Found a runed door.
 10482 | D:9      | Reached *** piety under Makhleb
 11026 | D:9      | Noticed a two-headed ogre
 11037 | D:9      | Killed a two-headed ogre
 11037 | D:9      | Reached XP level 11. HP: 42/86 MP: 7/17
 11234 | D:10     | Entered Level 10 of the Dungeon
 11370 | D:10     | Noticed a two-headed ogre
 11910 | D:10     | Noticed a two-headed ogre
 11920 | D:10     | Reached skill level 10 in Polearms
 11924 | D:10     | Killed a two-headed ogre
 12066 | D:10     | Found a staircase to the Lair.
 12296 | D:10     | Reached **** piety under Makhleb
 12676 | D:10     | Reached skill level 5 in Evocations
 13055 | D:11     | Noticed a two-headed ogre
 13059 | D:11     | Noticed a seven-headed hydra
 13065 | D:10     | HP: 3/86 [two-headed ogre/giant club (36)]
 13303 | D:4      | Noticed Pikel
 13312 | D:4      | Killed Pikel
 13363 | D:4      | Killed Natasha
 13416 | D:4      | Killed Dowan
 13426 | D:4      | Killed Duvessa
 13847 | D:6      | Noticed Crazy Yiuf
 13856 | D:6      | Killed Crazy Yiuf
 13929 | D:7      | Bought 2 potions of heal wounds for 100 gold pieces
 13929 | D:7      | Bought a potion of invisibility for 80 gold pieces
 14061 | D:7      | Killed a red ugly thing
 14377 | D:11     | Noticed a cyclops
 14404 | Lair:1   | Entered Level 1 of the Lair of Beasts
 14700 | Lair:1   | Noticed a five-headed hydra
 14710 | Lair:1   | Killed a five-headed hydra
 14718 | Lair:1   | Reached skill level 5 in Charms
 14719 | Lair:1   | Reached XP level 12. HP: 43/92 MP: 13/19
 15065 | Lair:1   | Reached skill level 5 in Spellcasting
 15427 | Lair:2   | Found a staircase to the Snake Pit.
 16240 | Lair:2   | Noticed an eight-headed hydra
 16254 | Lair:2   | Killed an eight-headed hydra
 17308 | Lair:3   | Noticed Fannar
 17404 | Lair:3   | Reached skill level 10 in Fighting
 17738 | Lair:3   | Noticed Snorg
 17760 | Lair:3   | Killed Snorg
 17806 | Lair:3   | Noticed a five-headed hydra
 17811 | Lair:3   | Killed a five-headed hydra
 18085 | Lair:3   | Found a staircase to the Swamp.
 18173 | Lair:3   | Noticed Gastronok
 18292 | Lair:3   | Killed Gastronok
 18292 | Lair:3   | Reached XP level 13. HP: 103/103 MP: 0/22
 18724 | Lair:3   | Reached skill level 10 in Dodging
 21748 | Lair:5   | Found a large runed door.
 21749 | Lair:5   | Found a large runed door.
 21750 | Lair:5   | Noticed azzavlup's ghost (journeyman MiBe)
 22359 | Lair:6   | Entered Level 6 of the Lair of Beasts
 22543 | Lair:6   | Found a staircase to the Slime Pits.
 24807 | Lair:6   | Reached XP level 14. HP: 105/110 MP: 22/26
 25540 | D:11     | HP: 4/166 [meliai/war axe (6)]
 25553 | D:11     | Killed from afar by a meliai

Vault maps used:
D:1:      minmay_arrival_solitary_statue
D:2:      minmay_overflow_temple_hex, serial_park_tiny_2
D:4:      kennysheep_mini, first_ration, uniq_duvessa, uniq_natasha, uniq_pikel
D:5:      kiku_gazebo_garden_becter, temple_hall
D:6:      kennysheep_little_box, uniq_crazy_yiuf_cottage
D:7:      minmay_blocky_corners, lemuel_crystal_altar, serial_shops,
          nicolae_shop_behind_doors, shop, nicolae_shop_waterfront,
          nicolae_shop_competitors_out_of_business, shop
D:8:      uniq_erica, uniq_prince_ribbit1
D:9:      hangedman_fish_farm, lemuel_angel_altar
D:10:     kennysheep_seaside_town, lair_entry_dummy
Temple:   nicolae_temple_no_exploring_needed
Lair:2:   guppyfry_snake_entry_garden, eino_small_chamber_without_monster,
          grunt_forest_small_clearing_treed, minmay_lair_oklob_chamber
Lair:3:   lemuel_reptile_caves, minmay_swamp_entry_worms, uniq_gastronok,
          uniq_snorg, uniq_fannar
Lair:5:   ebering_ghost_disaster_area
Lair:6:   evil_forest, nicolae_slime_entry_slimehenge

Skill      XL: |  1  2  3  4  5  6  7  8  9 10 11 12 13 |
---------------+----------------------------------------+-----
Ice Magic      | 4 5 6 8 10 12 | 12.4
Fighting       | 1 2 3 4 7 8 10 | 10.5
Dodging        | 3 4 5 6 8 9 12 | 12.6
Conjurations   | 2 3 4 |  4.0
Charms         | 2 4 5 6 |  6.0
Spellcasting   | 4 6 8 |  8.0
Invocations    | 4 |  4.0
Stealth        | 4 |  4.5
Polearms       | 9 12 | 12.0
Evocations     | 2 6 7 8 |  8.0

Action                   |  1- 3 |  4- 6 |  7- 9 | 10-12 | 13-15 || total
-------------------------+-------+-------+-------+-------+-------++-------
Melee: Whip              |    18 |   127 |   328 |   635 |       ||  1108
       Dagger            |     2 |       |       |       |       ||     2
       Spear             |       |       |       |   289 |   962 ||  1251
Throw: Tomahawk          |       |     1 |     3 |     6 |     6 ||    16
 Cast: Freeze            |    32 |    17 |    60 |   177 |   158 ||   444
       Throw Frost       |     2 |     6 |    29 |    54 |    40 ||   131
       Ozocubu's Armour  |       |     7 |    21 |    71 |    63 ||   162
       Throw Icicle      |       |       |       |    13 |    34 ||    47
Invok: Minor Destruction |       |       |       |     5 |       ||     5
       Lesser Servant of |       |       |       |     9 |     9 ||    18
Evoke: Wand              |       |       |       |     3 |       ||     3
  Use: Scroll            |       |     8 |    11 |    10 |     8 ||    37
       Potion            |       |       |     2 |     4 |    13 ||    19
 Stab: Sleeping          |     1 |     5 |     2 |     7 |     2 ||    17
       Distracted        |       |       |       |     1 |     2 ||     3
  Eat: Chunk             |     3 |    10 |    18 |    29 |    22 ||    82
       Ration            |       |       |       |     3 |     2 ||     5
Armor: Robe              |     8 |    37 |   101 |   237 |   221 ||   604
       Skin              |       |       |       |    30 |    72 ||   102
Dodge: Dodged            |    34 |    90 |   310 |   832 |   685 ||  1951

Table legend:
 A = Spawn XP
 B = Non-spawn XP
 C = Spawn XP percentage of total XP
 D = Spawn monster count
 E = Non-spawn monster count
 F = Spawn count percentage of total count
 G = Total turns spent on level
                    A         B        C        D         E        F      G
               +---------+---------+-------+---------+---------+-------+---------
         Total |       0 |   59487 |   0.0 |       0 |     481 |   0.0 | 25553
               +---------+---------+-------+---------+---------+-------+---------
           D:1 |       0 |      35 |   0.0 |       0 |      18 |   0.0 |  1229
           D:2 |       0 |      61 |   0.0 |       0 |      14 |   0.0 |  1074
           D:3 |       0 |     153 |   0.0 |       0 |      22 |   0.0 |   732
           D:4 |       0 |    1158 |   0.0 |       0 |      18 |   0.0 |  1873
           D:5 |       0 |     614 |   0.0 |       0 |      16 |   0.0 |   919
           D:6 |       0 |     808 |   0.0 |       0 |      32 |   0.0 |  1661
           D:7 |       0 |    2602 |   0.0 |       0 |      30 |   0.0 |  1687
           D:8 |       0 |    3246 |   0.0 |       0 |      37 |   0.0 |  1574
           D:9 |       0 |    2577 |   0.0 |       0 |      28 |   0.0 |  1539
          D:10 |       0 |    4334 |   0.0 |       0 |      57 |   0.0 |  1897
          D:11 |       0 |    4181 |   0.0 |       0 |      17 |   0.0 |   632
        Lair:1 |       0 |    3210 |   0.0 |       0 |      13 |   0.0 |  1124
        Lair:2 |       0 |    5957 |   0.0 |       0 |      24 |   0.0 |  1580
        Lair:3 |       0 |   10923 |   0.0 |       0 |      72 |   0.0 |  2359
        Lair:4 |       0 |    5342 |   0.0 |       0 |      33 |   0.0 |  1843
        Lair:5 |       0 |    3777 |   0.0 |       0 |      12 |   0.0 |  1225
        Lair:6 |       0 |   10509 |   0.0 |       0 |      38 |   0.0 |  2588
               +---------+---------+-------+---------+---------+-------+---------
